 Dungeon Crawl Stone Soup version 0.26-a0-438-g4b1dca4f87 (webtiles) character file.

Game seed: 17026516775184657961

1945 DeltaSign the Cleaver (level 8, -3/78 HPs)
             Began as a Minotaur Berserker on July 26, 2020.
             Was an Elder of Trog.
             Slain by an orc warrior
             ... wielding a +0 flail
              (9 damage)
             ... on level 6 of the Dungeon.
             The game lasted 00:14:01 (4896 turns).

DeltaSign the Cleaver (Minotaur Berserker)          Turns: 4896, Time: 00:14:01

Health: -3/78      AC: 12    Str: 21    XL:     8   Next: 98%
Magic:  7/7        EV:  3    Int:  4    God:    Trog [****..]
Gold:   279        SH:  0    Dex: 13    Spells: 7/7 levels left

rFire    . . .     SeeInvis .   v - +1 hand axe (freeze)
rCold    + . .     Faith    .   s - +0 tower shield
rNeg     + . .     Spirit   .   o - +0 plate armour {rN+}
rPois    .         Reflect  +   (helmet restricted)
rElec    .         Harm     .   (no cloak)
rCorr    .                      (no gloves)
MR       .....                  (no boots)
Stlth    ..........             f - amulet of reflection
HPRegen  0.23/turn              k - ring of protection from cold
MPRegen  0.10/turn              l - ring of wizardry

@: confused, lethally poisoned (-3 -> -9)
A: retaliatory headbutt, horns 2
a: Berserk, Trog's Hand, Brothers in Arms, Renounce Religion


You were on level 6 of the Dungeon.
You worshipped Trog.
Trog was greatly pleased with you.
You visited 1 branch of the dungeon, and saw 6 of its levels.

You collected 279 gold pieces.

Inventory:

Hand Weapons
 v - a +1 hand axe of freezing (weapon)
Armour
 o - a +0 plate armour of positive energy (worn)
 s - a +0 tower shield (worn)
Jewellery
 a - a +4 ring of evasion
 f - an amulet of reflection (around neck)
 k - a ring of protection from cold (left hand)
 l - a ring of wizardry (right hand)
Wands
 p - a wand of iceblast (6)
Scrolls
 b - 2 scrolls of fog
 c - 2 scrolls of teleportation
 g - a scroll of immolation
 h - a scroll of enchant armour
 i - 2 scrolls of remove curse
 j - a scroll of fear
 r - a scroll of holy word {unknown}
 t - 2 scrolls of amnesia {unknown}
 u - a scroll of random uselessness {unknown}
 w - 2 scrolls of identify
Potions
 d - 2 potions of heal wounds
 e - 2 potions of ambrosia
 m - 2 potions of might
 n - a potion of lignification {unknown}
 q - a potion of curing {unknown}


   Skills:
 * Level 9.2 Fighting
 * Level 9.3 Axes
 + Level 6.3 Armour
 - Level 2.1 Dodging
 * Level 3.6 Shields


You had 7 spell levels left.
You didn't know any spells.
Your spell library was empty.

Dungeon Overview and Level Annotations

Branches:
Dungeon (6/15)             Temple (0/1) D:5

Altars:

Annotations:
D:3 3 runed translucent doors, manon's ghost, amateur GrFE


Innate Abilities, Weirdness & Mutations

You reflexively headbutt those who attack you in melee.
You have a pair of horns on your head.


Message History

You feel sick.
The orc warrior hits you with a +0 flail!
* * * LOW HITPOINT WARNING * * *
The orc priest calls down the wrath of Beogh upon you.
Pain shoots through your body!
* * * LOW HITPOINT WARNING * * *
Things that are here:
a +1 dagger of draining; a +0 robe; an orc corpse You slash something!
You freeze something. Trog accepts your kill.
Trog appreciates your killing of a magic user.
Reactivating autopickup.
Your life force feels restored.
You feel a bit more experienced.
You miss the orc warrior.
Your plate armour prevents you from hitting the orc priest.
* * * LOW HITPOINT WARNING * * *
You feel sick.
The orc priest hits you but does no damage.
The orc warrior hits you with a +0 flail!
You die...

#..... #..... #.....
#..... #..... ########
########..... #......#
#............
.#......####............
......o@'..'...........)
......o)####.........###
.......)# #.........#
........# #.........#
..####### #.........###
. #............
#####+#...... #.#......
#.#......


You could see an orc warrior and an orc priest.

Vanquished Creatures
  Maggie (D:6)
  Grinder (D:3)
  Sigmund (D:3)
  Edmund (D:6)
  A phantom (D:6)
  2 centaurs
  An ogre (D:3)
  A bullfrog (D:6)
  A gnoll sergeant (D:5)
  A howler monkey (D:5)
  A bullfrog zombie (D:5)
  2 hounds (D:5)
  A jelly (D:5)
  An orc priest (D:5)
  6 orc wizards
  A bullfrog skeleton (D:6)
  2 worker ants
  A hound skeleton (D:4)
  A howler monkey zombie (D:5)
  5 gnolls (D:5)
  9 adders
  2 shadow imps (D:5)
  A white imp (D:6)
  2 oozes
  2 adder zombies
  An adder skeleton (D:4)
  4 worms
  2 dart slugs
  4 leopard geckos
  16 orcs
  11 bats
  7 giant cockroaches
  12 goblins
  11 hobgoblins
  9 jackals
  11 kobolds
  2 ball pythons (D:4)
  6 frilled lizards
  A leopard gecko zombie (D:5)
  8 rats
153 creatures vanquished.

Notes
Turn   | Place    | Note
-------+----------+-------------------------------------------
     0 | D:1      | DeltaSign the Minotaur Berserker began the quest for the
                  | Orb.
     0 | D:1      | Reached XP level 1. HP: 19/19 MP: 0/0
    76 | D:1      | Reached XP level 2. HP: 23/27 MP: 1/1
   632 | D:1      | Reached XP level 3. HP: 26/33 MP: 2/2
   787 | D:1      | Reached ** piety under Trog
  1365 | D:2      | Reached XP level 4. HP: 41/41 MP: 3/3
  1826 | D:3      | Reached *** piety under Trog
  1826 | D:3      | Reached skill level 5 in Fighting
  1864 | D:3      | Reached skill level 5 in Axes
  1890 | D:3      | Reached XP level 5. HP: 48/48 MP: 4/4
  1893 | D:3      | Found a runed translucent gate.
  1893 | D:3      | Found a runed translucent gate.
  1893 | D:3      | Found a runed translucent gate.
  1897 | D:3      | Noticed manon's ghost (amateur GrFE)
  1957 | D:3      | Noticed Sigmund
  1969 | D:3      | Killed Sigmund
  1969 | D:3      | Reached XP level 6. HP: 48/57 MP: 5/5
  2067 | D:3      | Noticed Grinder
  2084 | D:3      | Killed Grinder
  2084 | D:3      | Reached XP level 7. HP: 64/64 MP: 6/6
  2856 | D:4      | Reached **** piety under Trog
  3202 | D:5      | Entered Level 5 of the Dungeon
  3270 | D:5      | Reached skill level 5 in Armour
  3646 | D:5      | Reached XP level 8. HP: 45/74 MP: 7/7
  4156 | D:5      | Found a staircase to the Ecumenical Temple.
  4415 | D:6      | Reached skill level 1 in Shields
  4795 | D:6      | Noticed Maggie
  4805 | D:6      | Killed Maggie
  4871 | D:6      | Noticed Edmund
  4887 | D:6      | Killed Edmund
  4896 | D:6      | Slain by an orc warrior

Illustrated notes

Levels and vault maps discovered:
D:1:      dpeg_arrival_morbid_curiosity, layout_basic,
          corexii_item_surrounded_by_moat
D:2:      layout_rooms, st_stairs_4, minmay_misc_feat_alley,
          hangedman_decor_clover_reticule
D:3:      layout_loops_ring, gammafunk_ghost_necromancy, uniq_grinder,
          uniq_sigmund
D:4:      layout_cave_pools
D:5:      layout_rooms, temple_green, grunt_decor_resistance
D:6:      layout_basic, nicolae_overflow_crystal_walls, serial_park_tiny_2,
          tso_metal_star, uniq_edmund, uniq_maggie, uniq_pikel, uniq_duvessa

Skill      XL: |  1  2  3  4  5  6  7  8 |
---------------+-------------------------+-----
Axes           | 4 5 6 8 9 |  9.3
Fighting       | 4 5 6 8 9 |  9.2
Armour         | 3 4 5 6 |  6.3
Shields        | 3 |  3.6
Dodging        | |  2.1

Action                   |  1- 3 |  4- 6 |  7- 9 || total
-------------------------+-------+-------+-------++-------
Melee: Hand axe          |    83 |    96 |   255 ||   434
       Headbutt          |    13 |    20 |    51 ||    84
Invok: Berserk           |       |     1 |     2 ||     3
  Use: Scroll            |     3 |     2 |     7 ||    12
Armor: Animal skin       |     5 |       |       ||     5
       Scale mail        |    30 |     5 |       ||    35
       Plate armour      |       |    38 |   133 ||   171
Dodge: Dodged            |    54 |    23 |    70 ||   147
Block: Other             |     5 |    24 |    48 ||    77
       Reflection        |       |       |     7 ||     7
       Tower shield      |       |       |    56 ||    56

Table legend: (Time is in decaauts)
 A = Elapsed time spent in this place.
 B = Non-inter-level travel time spent in this place.
 C = Inter-level travel time spent in this place.
 D = Time resting spent in this place.
 E = Time spent auto-exploring this place.
 F = Levels seen in this place.
 G = Mean time per level.
                   A        B        C        D        E       F      G
               +--------+--------+--------+--------+--------+-----+--------+
         Total |   4922 |   4516 |    406 |    571 |   3074 |   6 |  820.3 |
       Dungeon |   4922 |   4516 |    406 |    571 |   3074 |   6 |  820.3 |
               +--------+--------+--------+--------+--------+-----+--------+

Top non-repeatable levels by time:
     D:5: 1136 daAuts
     D:1: 1085 daAuts
     D:3: 977 daAuts
     D:2: 726 daAuts
     D:4: 563 daAuts
     D:6: 432 daAuts
